 Dungeon Crawl Stone Soup version 0.28-a0-1087-gf3fc490d9d (webtiles) character file.

Game seed: 1910445990628255036

55816 meatgazer the Warrior (level 14, -7/126 HPs)
             Began as a Demonspawn Abyssal Knight on Dec 10, 2021.
             Was the Champion of Lugonu.
             Mangled by a death yak (9 damage)
             ... while petrified by a catoblepas
             ... on level 6 of the Lair of Beasts.
             The game lasted 00:36:27 (22269 turns).

meatgazer the Warrior (Demonspawn Abyssal Knight)  Turns: 22269, Time: 00:36:27

Health: -7/126     AC: 12    Str: 19    XL:     14   Next: 39%
Magic:  26/26      EV:  2    Int: 19    God:    Lugonu [******]
Gold:   1084       SH:  0    Dex: 19    Spells: 13/24 levels left

rFire   . . .      SeeInvis .   c - +10 morningstar of Severance {protect, rElec Str+8 Int-5}
rCold   . . .      Faith    .   y - +2 buckler
rNeg    + + +      Spirit   .   v - +2 steam dragon scales
rPois   ∞          Reflect  +   (no helmet)
rElec   +          Harm     .   f - +0 cloak
rCorr   .          Rampage  .   E - +2 pair of gloves
Will    ++...      Rage     1%  o - +0 pair of boots
Stlth   ++........              i - amulet of reflection
HPRegen 0.31/turn               d - +6 ring of dexterity
MPRegen 0.20/turn               h - ring of poison resistance

@: petrified
A: claws 1, powered by death 2, powered by pain 2, augmentation 1, big brain 3,
berserk 1, strong-willed 1, weak 1
a: Renounce Religion, Depart the Abyss, Bend Space, Banish, Corrupt, Enter the
Abyss, Brand Weapon With Distortion


You were on level 6 of the Lair of Beasts.
You worshipped Lugonu.
Lugonu was exalted by your worship.
You visited 2 branches of the dungeon, and saw 15 of its levels.
You visited the Abyss 1 time.

You collected 1084 gold pieces.

Inventory:

Hand Weapons
 c - the +10 morningstar of Severance (weapon) {protect, rElec Str+8 Int-5}
   (You found it on level 2 of the Abyss)

   It grants its wielder temporary protection when it strikes (+7 to AC).
   Str:       It affects your strength (+8).
   Int:       It affects your intelligence (-5).
   rElec:     It insulates you from electricity.
Missiles
 m - 2 throwing nets
Armour
 f - a +0 cloak (worn)
 n - a +3 scale mail of cold resistance
 o - a +0 pair of boots (worn)
 v - +2 steam dragon scales (worn)
 y - a +2 buckler (worn)
 E - a +2 pair of gloves (worn)
 H - a +2 scale mail of willpower
Magical Staves
 I - a staff of conjuration
Jewellery
 d - a +6 ring of dexterity (left hand)
 h - a ring of poison resistance (right hand)
 i - an amulet of reflection (around neck)
 C - a ring of flight
Wands
 k - a wand of flame (39)
 s - a wand of acid (15)
 t - a wand of iceblast (5)
 B - a wand of digging (2)
 F - a wand of paralysis (14)
 J - a wand of mindburst (7)
Scrolls
 a - 2 scrolls of magic mapping
 j - 3 scrolls of amnesia
 p - a scroll of teleportation
 r - 2 scrolls of fear
 u - a scroll of identify
 D - a scroll of fog
Potions
 b - a potion of magic
 e - 4 potions of lignification
 g - 3 potions of attraction
 q - a potion of flight
 w - 3 potions of ambrosia
 x - a potion of invisibility
 z - 10 potions of curing
 A - 3 potions of haste
 G - a potion of resistance
 K - a potion of heal wounds
Miscellaneous
 l - a tin of tremorstones (2/2)


   Skills:
 + Level 16.9 Fighting
 - Level 1.7 Long Blades
 + Level 12.8 Maces & Flails
 - Level 2.0 Armour
 - Level 1.2 Dodging
 - Level 5.5 Shields
 + Level 5.6 Spellcasting
 + Level 1.7 Conjurations
 + Level 5.6 Fire Magic
 - Level 16.1 Invocations


You had 13 spell levels left.
You knew the following spells:

 Your Spells              Type           Power      Damage    Failure   Level
a - Foxfire               Conj/Fire      76%        2x1d7     1%          1
b - Scorch                Fire           52%        2d8       1%          2
c - Flame Wave            Conj/Fire      19%        2d5       11%         4
d - Sticky Flame          Conj/Fire      19%        2d4       11%         4

Your spell library contained the following spells:

 Spells                   Type           Power      Damage    Failure   Level
 Summon Small Mammal      Summ           20%        N/A       4%          1
 Call Canine Familiar     Summ           5%         N/A       14%         3
 Summon Guardian Golem    Hex/Summ       5%         N/A       14%         3
 Tukima's Dance           Hex            5%         N/A       14%         3
 Hailstorm                Conj/Ice       8%         3d4       32%         4
 Airstrike                Air            2%         N/A       41%         4
 Animate Armour           Summ/Erth      10%        N/A       41%         4
 Ice Form                 Ice/Tmut       5%         N/A       41%         4
 Leda's Liquefaction      Hex/Erth       2%         N/A       41%         4
 Passage of Golubria      Tloc           5%         N/A       41%         4
 Summon Lightning Spire   Summ/Air       5%         N/A       41%         4
 Lightning Bolt           Conj/Air       4%         1d15      63%         5
 Blade Hands              Tmut           2%         N/A       75%         5
 Lee's Rapid Deconstruct  Erth           2%         3d6*      75%         5
 Summon Forest            Summ/Tloc      2%         N/A       75%         5
 Summon Mana Viper        Hex/Summ       5%         N/A       75%         5
 Yara's Violent Unravell  Hex/Tmut       2%         3d3       75%         5
 Eringya's Noxious Bog    Tmut/Pois      2%         N/A       99%         6
 Iron Shot                Conj/Erth      4%         9d2       99%         6
 Simulacrum               Ice/Necr       2%         N/A       99%         6
 Statue Form              Tmut/Erth      3%         N/A       99%         6
 Summon Cactus Giant      Summ           2%         N/A       99%         6


Dungeon Overview and Level Annotations

Branches:
Dungeon (9/15)             Temple (0/1) D:7            Lair (6/6) D:8
 Shoals (0/4) Lair:4       Spider (0/4) Lair:3        Slime (0/5) Lair:5
    Orc: D:9-12

Altars:
Kikubaaqudgha
Nemelex Xobeh
Jiyva

Shops:
D:9 =

Annotations:
Lair:2 1 transporter
Lair:4 exclusion: 3 oklob plants
Lair:6 exclusion: oklob plant


Innate Abilities, Weirdness & Mutations

You have sharp fingernails.
You regenerate health from kills.
You sometimes gain power by taking damage.
Your magical and physical power is slightly enhanced at high health.
You have an absolutely massive brain. (Int +6, Wiz)
You tend to lose your temper in combat.
You are strong-willed. (Will+)
You are weak. (Str -2)


Message History

You are engulfed in calcifying dust.
The death yak gores you but does no damage.
The catoblepas breathes a plume of calcifying dust at you.
The blast of calcifying dust hits you but does no damage.
A basilisk comes into view.
Your limbs are stiffening.
The basilisk hisses angrily.
You sock the death yak!
The death yak is severely wounded.
You are engulfed in calcifying dust.
The death yak gores you but does no damage.
The catoblepas breathes a plume of calcifying dust at you.
The blast of calcifying dust hits you. The death yak barely misses you.
You have turned to stone.
You are engulfed in calcifying dust.
The catoblepas breathes a plume of calcifying dust at you.
The blast of calcifying dust hits you!
The death yak is engulfed in calcifying dust.
The death yak is moving more slowly.
The death yak gores you. The catoblepas gores you!! The death yak gores you.
The death yak completely misses you. The catoblepas gores you.
The death yak gores you but does no damage.
The catoblepas breathes a plume of calcifying dust at you.
The blast of calcifying dust hits you but does no damage.
The death yak gores you! The death yak gores you!!
You are engulfed in calcifying dust.
The catoblepas gores you!! The death yak gores you!! x2
* * * LOW HITPOINT WARNING * * *
You are engulfed in calcifying dust.
The death yak stops moving altogether!
The catoblepas breathes a plume of calcifying dust at you.
The blast of calcifying dust hits you but does no damage.
The death yak gores you!!
* * * LOW HITPOINT WARNING * * *
The death yak gores you!!
* * * LOW HITPOINT WARNING * * *
You are engulfed in calcifying dust.
The catoblepas gores you!
* * * LOW HITPOINT WARNING * * *
The death yak gores you!!
You die...

### #.###
####
##..P#####
#P..
#§........
#... ♣§YY.##
#... #.@Y÷.#
#...
##.#Yl..#
#...
##..#......#
##..
##..##.....÷.
##. #...#
...#..8 ##
#...# ..## ..
# #...# ..# .
# #...# ..# #
##..# #


You could see 3 death yaks, a catoblepas and a basilisk.

Vanquished Creatures
  Josephine (Lair:6)
  Harold (Lair:2)
  9 hydras
  A two-headed ogre (D:9)
  9 death yaks
  Sonja (Lair:4)
  A manticore (Lair:4)
  2 oklob plants
  9 black mambas
  25 elephants
  2 centaur zombies (D:8)
  Maggie (D:8)
  9 cane toads
  2 rime drakes
  8 komodo dragons
  A wind drake (Lair:4)
  2 polar bears
  A hornet (D:9)
  4 dream sheep
  15 blink frogs
  4 wraiths (Lair:6)
  64 yaks
  A wyvern (D:8)
  5 basilisks
  2 steam dragons
  Menkaure (D:6)
  Edmund (D:6)
  17 water moccasins
  Duvessa (D:6)
  An orc warrior (D:9)
  A necrophage (D:5)
  3 black bears (D:8)
  An ice beast (D:5)
  3 sky beasts
  23 wolves
  3 ogres
  11 centaurs
  5 kobold brigands
  17 bullfrogs
  3 scorpions
  A wyvern skeleton (D:7)
  A water moccasin skeleton (D:5)
  Dowan (D:6)
  16 wights
  4 howler monkeys
  2 bullfrog zombies (D:6)
  2 centaur skeletons
  7 hounds
  A jelly (D:7)
  A gnoll shaman (D:5)
  4 orc priests
  A bullfrog skeleton (D:5)
  Jessica (D:2)
  6 orc wizards
  14 adders
  4 gnolls (D:5)
  2 white imps
  An ufetubus (D:4)
  An adder skeleton (D:4)
  A worm (D:3)
  4 dart slugs
  23 orcs
  14 endoplasms
  5 giant cockroaches
  9 goblins
  6 hobgoblins
  9 jackals
  3 quokkas
  8 ball pythons
  A bat (D:2)
  3 frilled lizards
  32 kobolds
  4 rats
463 creatures vanquished.

Vanquished Creatures (collateral kills)
  2 foxfires (Lair:4)
2 creatures vanquished.

Vanquished Creatures (others)
  A bush (Lair:6)
  3 foxfires
  91 fungi
  99 plants
194 creatures vanquished.

Grand Total: 659 creatures vanquished

Notes
Turn   | Place    | Note
-------+----------+-------------------------------------------
     0 | Abyss:1  | meatgazer the Demonspawn Abyssal Knight began the quest for
                  | the Orb.
     0 | Abyss:1  | Reached XP level 1. HP: 18/18 MP: 2/2
     6 | Abyss:2  | Found a corrupted altar of Lugonu.
    11 | Abyss:2  | Found a corrupted altar of Lugonu.
    15 | Abyss:2  | Identified the +10 morningstar of Severance {protect, rElec
                  | Str+8 Int-5}
    15 | Abyss:2  | Noticed a worldbinder
    17 | D:1      | Escaped the Abyss
   234 | D:1      | Noticed a formicid
   236 | D:1      | Noticed a demonspawn zombie
   238 | D:1      | Noticed a demonspawn
   239 | D:1      | Noticed an elf
   240 | D:1      | Noticed a merfolk zombie
   350 | D:1      | Reached skill level 1 in Dodging
   435 | D:1      | Gained mutation: You regenerate a little health from kills.
                  | [demonic ancestry]
   435 | D:1      | Reached XP level 2. HP: 23/24 MP: 4/4
   505 | D:1      | Reached * piety under Lugonu
   885 | D:1      | Reached XP level 3. HP: 21/29 MP: 5/5
  1299 | D:1      | Reached skill level 1 in Maces & Flails
  1987 | D:2      | Gained mutation: You regenerate health from kills. [demonic
                  | ancestry]
  1987 | D:2      | Reached XP level 4. HP: 36/36 MP: 6/6
  2059 | D:2      | Identified a scroll of acquirement
  2059 | D:2      | Acquired a +6 ring of dexterity
  2309 | D:2      | Noticed Jessica
  2313 | D:2      | Killed Jessica
  2315 | D:2      | Reached ** piety under Lugonu
  2651 | D:3      | Found a faded altar of an unknown god.
  2727 | D:3      | Gained mutation: You have sharp fingernails. [demonic
                  | ancestry]
  2727 | D:3      | Reached XP level 5. HP: 40/42 MP: 8/8
  2850 | D:3      | Reached skill level 1 in Shields
  3301 | D:4      | Noticed an ogre
  3309 | D:4      | Killed an ogre
  3310 | D:4      | Reached XP level 6. HP: 37/49 MP: 9/9
  3573 | D:4      | Reached *** piety under Lugonu
  3575 | D:4      | Reached skill level 5 in Invocations
  4153 | D:4      | Reached XP level 7. HP: 55/55 MP: 9/11
  4582 | D:4      | Acquired a manual of Fighting
  4950 | D:5      | Entered Level 5 of the Dungeon
  4956 | D:5      | Reached skill level 5 in Fighting
  4983 | D:5      | You fall into a shaft and drop 2 floors!
  5296 | D:7      | Found a staircase to the Ecumenical Temple.
  5313 | D:7      | Noticed a steam dragon
  5319 | D:7      | Killed a steam dragon
  5419 | D:6      | Noticed Duvessa
  5419 | D:6      | Noticed Dowan
  5440 | D:6      | Killed Duvessa
  5441 | D:6      | Gained mutation: You have an unusually large brain. (Int
                  | +2) [demonic ancestry]
  5441 | D:6      | Reached XP level 8. HP: 18/64 MP: 3/12
  5449 | D:6      | Killed Dowan
  5895 | D:5      | Reached **** piety under Lugonu
  6238 | D:5      | Reached skill level 5 in Maces & Flails
  6452 | D:5      | Gained mutation: You sometimes gain a little power by
                  | taking damage. [demonic ancestry]
  6452 | D:5      | Reached XP level 9. HP: 74/74 MP: 13/15
  6683 | D:6      | Reached skill level 5 in Shields
  6706 | D:6      | Noticed Menkaure
  6711 | D:6      | Killed Menkaure
  6810 | D:6      | Found a sparkling altar of Nemelex Xobeh.
  6810 | D:6      | Found an ancient bone altar of Kikubaaqudgha.
  7130 | D:6      | Noticed Edmund
  7137 | D:6      | Killed Edmund
  7799 | D:7      | Reached skill level 10 in Fighting
  7819 | D:7      | Reached ***** piety under Lugonu
  8168 | D:8      | Reached skill level 10 in Invocations
  8168 | D:8      | Gained mutation: You sometimes gain power by taking damage.
                  | [demonic ancestry]
  8168 | D:8      | Reached XP level 10. HP: 85/85 MP: 17/17
  8262 | D:8      | Found a staircase to the Lair.
  8299 | D:8      | Got the Collected Works on Flamy Shape Shifting
  8334 | D:8      | Noticed Maggie
  8345 | D:8      | Killed Maggie
 10533 | D:9      | Found Kappapah's Jewellery Shoppe.
 10550 | D:9      | Noticed a two-headed ogre
 10563 | D:9      | Killed a two-headed ogre
 10824 | D:9      | Gained mutation: You have an extremely huge brain. (Int +4)
                  | [demonic ancestry]
 10824 | D:9      | Reached XP level 11. HP: 67/96 MP: 11/20
 11303 | Lair:1   | Entered Level 1 of the Lair of Beasts
 12925 | Lair:2   | Reached ****** piety under Lugonu
 13234 | Lair:2   | Reached XP level 12. HP: 91/108 MP: 22/22
 13308 | Lair:2   | Reached skill level 10 in Maces & Flails
 13604 | Lair:2   | Gained mutation: Armour fits poorly on your strangely
                  | shaped body. [potion of mutation]
 13604 | Lair:2   | Gained mutation: You are weak. (Str -2) [potion of
                  | mutation]
 13604 | Lair:2   | Gained mutation: You expend magic power (3 MP) to
                  | strengthen your wands. [potion of mutation]
 13605 | Lair:2   | Lost mutation: You expend magic power (3 MP) to strengthen
                  | your wands. [potion of mutation]
 13605 | Lair:2   | Lost mutation: Armour fits poorly on your strangely shaped
                  | body. [potion of mutation]
 13605 | Lair:2   | Gained mutation: You tend to lose your temper in combat.
                  | [potion of mutation]
 13605 | Lair:2   | Gained mutation: You are strong-willed. (Will+) [potion of
                  | mutation]
 13626 | Lair:2   | Noticed Harold
 13640 | Lair:2   | Killed Harold
 13996 | Lair:2   | Found a transporter.
 14285 | Lair:3   | Identified the +6 falchion "Wiybanel" {protect, rN+ Dex+3}
 14309 | Lair:3   | Reached skill level 15 in Fighting
 14535 | Lair:3   | Noticed a death yak
 14535 | Lair:3   | Noticed a death yak
 14535 | Lair:3   | Noticed a death yak
 14538 | Lair:3   | Noticed a death yak
 14540 | Lair:3   | Noticed a death yak
 14541 | Lair:3   | Noticed a death yak
 14542 | Lair:3   | Killed a death yak
 14543 | Lair:3   | Reached skill level 15 in Invocations
 14554 | Lair:2   | Killed a death yak
 14565 | Lair:2   | Killed a death yak
 14572 | Lair:2   | Killed a death yak
 14575 | Lair:2   | Killed a death yak
 14636 | Lair:3   | Killed a death yak
 14963 | Lair:3   | Found a hole to the Spider Nest.
 15415 | Lair:4   | Found a staircase to the Shoals.
 15468 | Lair:4   | Noticed Sonja
 15478 | Lair:4   | Killed Sonja
 15479 | Lair:4   | Gained mutation: You have an absolutely massive brain. (Int
                  | +6, Wiz) [demonic ancestry]
 15479 | Lair:4   | Reached XP level 13. HP: 95/117 MP: 24/24
 15845 | Lair:3   | Learned a level 1 spell: Foxfire
 17365 | Lair:4   | Reached skill level 1 in Spellcasting
 17365 | Lair:4   | Reached skill level 1 in Fire Magic
 18969 | Lair:5   | Found a viscous altar of Jiyva.
 18969 | Lair:5   | Found a staircase to the Slime Pits.
 19392 | Lair:6   | Entered Level 6 of the Lair of Beasts
 19423 | Lair:6   | Learned a level 2 spell: Scorch
 19428 | Lair:6   | Learned a level 4 spell: Flame Wave
 19433 | Lair:6   | Learned a level 4 spell: Sticky Flame
 20959 | Lair:6   | Noticed Josephine
 20983 | Lair:6   | Gained mutation: Your magical and physical power is
                  | slightly enhanced at high health. [demonic ancestry]
 20983 | Lair:6   | Reached XP level 14. HP: 102/126 MP: 21/26
 21007 | Lair:6   | Killed Josephine
 21430 | Lair:6   | Reached skill level 5 in Fire Magic
 21432 | Lair:6   | Reached skill level 5 in Spellcasting
 22028 | Lair:6   | Reached skill level 1 in Conjurations
 22269 | Lair:6   | HP: 2/126 [catoblepas (7)]
 22269 | Lair:6   | Mangled by a death yak

Illustrated notes

Levels and vault maps discovered:
D:1:      shiori_arrival_whats_in_store_for_you, layout_basic, serial_aquarium,
          aquarium_bridge_square [aquarium_subvault_bridge,
          aquarium_subvault_wall, aquarium_subvault_balcony,
          aquarium_subvault_wall], aquarium_bridge_straight
          [aquarium_subvault_bridge, aquarium_subvault_window,
          aquarium_subvault_bridge, aquarium_subvault_wall],
          aquarium_window_fake, aquarium_window_corner, aquarium_window_1,
          aquarium_view_2a, aquarium_view_2f, minmay_pentomino_z4
D:2:      layout_loops_corners, uniq_jessica
D:3:      cheibrodos_helix_gallery, layout_loops_cross,
          dreamdust_ecumenical_altar_angels_and_demons, roderic_malta_cross,
          minmay_ruptured
D:4:      layout_cave_pods, lemuel_flame_loot_1
D:5:      layout_cave_pools
D:6:      layout_basic, chequers_temple_overflow_statue_of_worship,
          uniq_duvessa, uniq_edmund, uniq_menkaure
D:7:      layout_basic, minmay_temple_entry_glass, enter_bailey_4,
          grunt_decor_junction
D:8:      layout_basic, due_lair_maze_entry_diamond, centaur_isle, uniq_maggie
D:9:      layout_loops_ring, serial_shops, shop
Lair:1:   layout_roguey
Lair:2:   gammafunk_boulding_lane, layout_regular_city, uniq_harold
Lair:3:   layout_chaotic_city, dummy_spider_entry, lemuel_fruit_fields
Lair:4:   minmay_lair_oklob_tunnel, layout_cave_shapes,
          minmay_shoals_entry_beasts, infiniplex_staircase_pool_2,
          lemuel_fruit_fields, uniq_sonja
Lair:5:   layout_regular_city, dpeg_slime_entry_enclosed_altar
Lair:6:   grunt_lair_end_beastmaster, layout_gridlike,
          kennysheep_basilisk_garden, uniq_josephine

Skill      XL: |  1  2  3  4  5  6  7  8  9 10 11 12 13 14 |
---------------+-------------------------------------------+-----
Dodging        | 1 |  1.2
Armour         | 2 |  2.0
Invocations    | 3 4 5 6 8 10 12 14 15 16 | 16.1
Maces & Flails | 1 2 3 4 5 6 8 9 11 12 | 12.8
Shields        | 1 2 3 4 5 |  5.5
Fighting       | 4 6 8 10 12 14 15 16 | 16.9
Spellcasting   | 4 5 |  5.6
Fire Magic     | 4 5 |  5.6
Conjurations   | 1 |  1.7
Long Blades    | |  1.7

Action                   |  1- 3 |  4- 6 |  7- 9 | 10-12 | 13-15 || total
-------------------------+-------+-------+-------+-------+-------++-------
Melee: Morningstar       |    72 |    92 |   211 |   712 |   579 ||  1666
 Cast: Flame Wave        |       |       |       |       |     4 ||     4
       Foxfire           |       |       |       |       |     3 ||     3
Invok: Depart the Abyss  |     1 |       |       |       |       ||     1
Evoke: Wand              |       |       |     1 |       |     5 ||     6
  Use: Scroll            |     2 |     4 |    10 |     9 |     2 ||    27
       Potion            |       |       |     3 |     3 |     3 ||     9
 Stab: Sleeping          |     1 |     3 |       |     3 |     1 ||     8
       Distracted        |       |       |       |     1 |       ||     1
Armor: Leather armour    |    13 |    23 |    40 |       |       ||    76
       Skin              |       |       |    12 |       |       ||    12
       Scale mail        |       |       |    58 |    46 |       ||   104
       Steam dragon scal |       |       |       |   231 |   285 ||   516
Dodge: Dodged            |    42 |    53 |   144 |   307 |   301 ||   847
Block: Buckler           |       |       |    60 |   351 |   463 ||   874
       Reflection        |       |       |       |    15 |     2 ||    17

Table legend: (Time is in decaauts)
 A = Elapsed time spent in this place.
 B = Non-inter-level travel time spent in this place.
 C = Inter-level travel time spent in this place.
 D = Time resting spent in this place.
 E = Time spent auto-exploring this place.
 F = Levels seen in this place.
 G = Mean time per level.
                   A        B        C        D        E       F      G
               +--------+--------+--------+--------+--------+-----+--------+
         Total |  22472 |  21493 |    979 |   6872 |  10680 |  17 | 1321.9 |
       Dungeon |  11963 |  11209 |    754 |   2752 |   6188 |   9 | 1329.2 |
          Lair |  10492 |  10267 |    225 |   4120 |   4489 |   6 | 1748.7 |
         Abyss |     16 |     16 |      0 |      0 |      3 |   2 |    8.0 |
               +--------+--------+--------+--------+--------+-----+--------+

Top non-repeatable levels by time:
     D:8: 2932 daAuts
  Lair:4: 2414 daAuts
  Lair:6: 2156 daAuts
  Lair:5: 1898 daAuts
     D:4: 1697 daAuts
  Lair:3: 1608 daAuts
     D:1: 1521 daAuts
  Lair:2: 1458 daAuts
     D:7: 1196 daAuts
     D:6: 1157 daAuts
     D:2: 1004 daAuts
  Lair:1: 955 daAuts
     D:9: 869 daAuts
     D:5: 804 daAuts
     D:3: 780 daAuts
